 Dungeon Crawl Stone Soup version 0.30-a0-311-gf115ab0292 (webtiles) character file.

Game seed: 9021398568042458504

5886 koil the Nimble (level 10, -3/53 HPs)
             Began as a Spriggan Hunter on Oct 26, 2022.
             Was an Initiate of Yredelemnul.
             Killed by divine providence
             ... invoked by an orc priest
              (15 damage)
             ... on level 9 of the Dungeon.
             The game lasted 00:37:47 (7451 turns).

koil the Nimble (Spriggan Hunter)                   Turns: 7451, Time: 00:37:47

Health: -3/53      AC:  9    Str:  7    XL:     10   Next: 52%
Magic:  22/22      EV: 28    Int: 12    God:    Yredelemnul [......]
Gold:   461        SH:  5    Dex: 30    Spells: 14/24 levels left

rFire   . . .      SeeInvis +    a - +4 shortbow (freeze)
rCold   . . .      Faith    .    (shield currently unavailable)
rNeg    . . .      Spirit   .    c - +0 robe
rPois   .          Reflect  +    (helmet restricted)
rElec   .          Harm     .    v - +2 cloak
rCorr   .          Rampage  .    (gloves unavailable)
Will    +....                    (boots unavailable)
Stlth   +++++.....               f - amulet of reflection
HPRegen 0.28/turn                K - +4 ring of protection
MPRegen 0.18/turn                M - +6 ring of dexterity

@: very quick
A: very small, no large weapons, unfitting armour, see invisible, speed 3, thin
skeletal structure 1
a: Renounce Religion, Recall Undead Harvest


You were on level 9 of the Dungeon.
You worshipped Yredelemnul.
Yredelemnul was noncommittal.
You visited 2 branches of the dungeon, and saw 10 of its levels.

You collected 461 gold pieces.

Inventory:

Hand Weapons
 a - a +4 shortbow of freezing (weapon)
 b - a +3 dagger
 h - a +1 dagger
 i - a +4 scimitar
 k - a +0 shortbow
Missiles
 g - 2 boomerangs of dispersal
 G - 18 poisoned darts
 H - 4 curare-tipped darts
Armour
 c - a +0 robe (worn)
 v - a +2 cloak (worn)
 y - +0 gold dragon scales
Magical Staves
 t - a staff of earth
Jewellery
 f - an amulet of reflection (around neck)
 K - a +4 ring of protection (left hand)
 M - a +6 ring of dexterity (right hand)
Wands
 r - a wand of charming (13)
 N - a wand of polymorph (9)
Scrolls
 d - 4 scrolls of immolation
 e - a scroll of magic mapping
 o - 2 scrolls of poison
 w - a scroll of fear
 x - 7 scrolls of teleportation
 A - a scroll of identify
Potions
 j - 5 potions of resistance
 l - a potion of heal wounds
 m - a potion of brilliance
 n - 2 potions of attraction
 p - 3 potions of haste
 q - 2 potions of curing
 s - a potion of invisibility
 u - a potion of might {unknown}
 z - a potion of ambrosia {unknown}
 F - a potion of cancellation


   Skills:
 + Level 5.6 Fighting
 + Level 7.7 Ranged Weapons
 + Level 8.9 Dodging
 - Level 6.0 Stealth
 + Level 7.7 Spellcasting
 - Level 7.0 Hexes
 + Level 5.0 Necromancy


You had 14 spell levels left.
You knew the following spells:

 Your Spells              Type           Power      Damage    Failure   Level
a - Slow                  Hex            84%        N/A       1%          1
b - Confusing Touch       Hex            21%        N/A       2%          3
c - Vampiric Draining     Necr           16%        2d7       5%          3
d - Ignite Poison         Fire/Tmut/Pois 4%         N/A       41%         3

Your spell library contained the following spells:

 Spells                   Type           Power      Damage    Failure   Level
 Shock                    Conj/Air       16%        1d4       16%         1
 Swiftness                Air            4%         N/A       41%         3
 Airstrike                Air            2%         2d(1-17)  83%         4
 Sticky Flame             Conj/Fire      4%         2d3       83%         4
 Ignition                 Fire           2%         3d3       100%        8


Dungeon Overview and Level Annotations

Branches:
Dungeon (9/15)             Temple (1/1) D:6
   Lair: D:8-11         Orc: D:9-12

Altars:
Ashenzari
Fedhas
Hepliaklqana
Kikubaaqudgha
Makhleb
Nemelex Xobeh
Okawaru
Qazlal
Sif Muna
Trog
Uskayaw
Wu Jian
Xom
Yredelemnul
Zin
Jiyva


Innate Abilities, Weirdness & Mutations

You are very small and have problems with some larger weapons.
You are too small for most types of armour.
You have supernaturally acute eyesight. (SInv)
You cover ground extremely quickly. (Speed+++)
You have a somewhat thin skeletal structure. (Dex +2, Stealth+)


Message History

The arrow closely misses the orc warrior.
You shoot an arrow. The arrow hits the orc warrior.
The arrow freezes the orc warrior.
The orc warrior is heavily wounded.
An orc priest comes into view. It is wielding a +0 flail.
An orc warrior comes into view. It is wielding a +0 glaive.
An orc priest comes into view. It is wielding a +0 short sword.
The orc warrior hits you from afar with a +0 glaive!
An orc priest comes into view. It is wielding a +0 dagger.
The orc priest moves out of view.
You swap places.
The orc warrior hits your howler monkey zombie with a +0 scimitar.
The orc warrior hits your howler monkey zombie with a +0 glaive!!
Your howler monkey zombie misses the orc warrior.
The orc priest hits your orc zombie with a +0 short sword!
Your orc zombie is destroyed!
The orc warrior hits your howler monkey zombie with a +0 scimitar!
Your howler monkey zombie is destroyed!
Your orc zombie hits the orc warrior but does no damage.
You shoot an arrow.
The arrow hits the orc warrior but does no damage.
The orc priest invokes the aid of Beogh against you.
Beogh smites you! You block the orc warrior's attack.
You shoot an arrow. The arrow hits the orc warrior!
The arrow freezes the orc warrior.
The orc warrior is heavily wounded.
The orc priest mumbles some strange prayers to Beogh against you.
Beogh smites you!
The orc priest miscasts a cantrip.
An orc priest comes into view. It is wielding a +0 club.
The orc warrior hits you from afar with a +0 glaive.
* * * LOW HITPOINT WARNING * * *
Your orc zombie hits the orc warrior but does no damage.
The orc priest hits your orc zombie with a +0 dagger.
The orc priest hits your orc zombie with a +0 club!
Your orc zombie is destroyed!
The orc priest mumbles some strange prayers to Beogh against you.
Beogh smites you!
You die...
Your body rises from the dead as a mindless zombie.

####......
##...o....
#≈≈≈..oo.
#≈.≈...o #≈.≈##o#
#≈.≈##o# #.###.#
#.....# #####@#
#.#
#########.####...
.................
#######.#########
#.# #.# #.# #.#


You could see 2 orc warriors and 4 orc priests.

Vanquished Creatures
  The ghost of billz999 the Martial Artist, a novice GnTm of Ashenzari (D:8)
  Pikel (D:5)
  2 slime creatures (D:8)
  Prince Ribbit (D:7)
  A wyvern (D:8)
  Eustachio (D:5)
  10 yaks (D:8)
  2 ice beasts
  3 ogres
  A centaur (D:7)
  A phantom (D:6)
  Blork the orc (D:5)
  3 necrophages
  3 scorpions
  A bullfrog (D:7)
  8 wights
  A howler monkey (D:9)
  3 jellies
  2 orc priests (D:4)
  4 hounds
  4 iguanas
  6 orc wizards
  8 adders
  3 gnolls (D:4)
  2 ufetubi
  3 worms
  4 dart slugs
  23 orcs
  6 bats
  4 endoplasms
  A giant cockroach (D:4)
  10 goblins
  13 hobgoblins
  7 jackals
  4 quokkas
  8 ball pythons
  3 kobolds
  11 rats
  2 bushes (D:3)
172 creatures vanquished.

Vanquished Creatures (collateral kills)
  A yak (D:8)
  A steam dragon (D:8)
  A jelly (D:8)
  An iguana (D:7)
4 creatures vanquished.

Vanquished Creatures (others)
  A slime creature zombie (D:8)
  3 yak zombies (D:8)
  A bullfrog zombie (D:7)
  A centaur zombie (D:7)
  A howler monkey zombie (D:9)
  An iguana zombie (D:7)
  4 orc zombies
  4 plants (D:3)
16 creatures vanquished.

Grand Total: 192 creatures vanquished

Notes
Turn   | Place    | Note
-------+----------+-------------------------------------------
     0 | D:1      | koil the Spriggan Hunter began the quest for the Orb.
     0 | D:1      | Reached XP level 1. HP: 10/10 MP: 2/2
   106 | D:1      | Reached XP level 2. HP: 15/15 MP: 3/3
   112 | D:1      | Learned a level 1 spell: Slow
   198 | D:1      | Reached skill level 3 in Dodging
   198 | D:1      | Reached skill level 1 in Spellcasting
   420 | D:1      | Reached XP level 3. HP: 18/18 MP: 5/5
   424 | D:1      | Learned a level 3 spell: Confusing Touch
   625 | D:2      | Reached skill level 1 in Hexes
   802 | D:2      | Reached XP level 4. HP: 23/23 MP: 7/7
  1107 | D:3      | Found a blossoming altar of Fedhas.
  1343 | D:3      | Found a shimmering altar of Xom.
  1369 | D:3      | Found a shimmering blue altar of Sif Muna.
  1962 | D:4      | Reached XP level 5. HP: 26/26 MP: 9/9
  2012 | D:4      | Noticed an ogre
  2033 | D:4      | Killed an ogre
  2034 | D:4      | Reached skill level 4 in Dodging
  2068 | D:4      | Reached XP level 6. HP: 18/32 MP: 9/11
  2300 | D:4      | Reached skill level 5 in Ranged Weapons
  2324 | D:4      | Reached XP level 7. HP: 22/35 MP: 12/12
  2328 | D:4      | Learned a level 3 spell: Vampiric Draining
  2378 | D:4      | Found a sparkling altar of Nemelex Xobeh.
  2392 | D:4      | Noticed an air elemental
  2403 | D:4      | Found a stormy altar of Qazlal.
  2406 | D:4      | Noticed a fire elemental
  2406 | D:4      | Noticed a water elemental
  2442 | D:4      | Reached skill level 5 in Stealth
  2749 | D:5      | Entered Level 5 of the Dungeon
  2848 | D:5      | Reached skill level 5 in Dodging
  2892 | D:5      | Reached skill level 1 in Necromancy
  2924 | D:5      | Noticed Eustachio
  2954 | D:5      | Killed Eustachio
  2955 | D:5      | Reached XP level 8. HP: 32/40 MP: 13/15
  3068 | D:5      | Noticed Blork the orc
  3125 | D:5      | Killed Blork the orc
  3308 | D:5      | Noticed Pikel
  3358 | D:5      | Killed Pikel
  3359 | D:5      | Reached skill level 6 in Dodging
  3374 | D:5      | Reached skill level 5 in Spellcasting
  3514 | D:5      | Found a basalt altar of Yredelemnul.
  3523 | D:5      | Became a worshipper of Yredelemnul the Dark
  3569 | D:5      | Reached skill level 5 in Hexes
  4015 | D:6      | Reached XP level 9. HP: 41/45 MP: 18/18
  4169 | D:6      | Found a staircase to the Ecumenical Temple.
  4304 | D:6      | You fall into a shaft and drop 2 floors!
  4394 | D:6      | Reached * piety under Yredelemnul
  4534 | Temple   | Entered the Ecumenical Temple
  4636 | Temple   | Identified a scroll of acquirement
  4636 | Temple   | Acquired a +2 shortbow of freezing
  4722 | Temple   | Gained mutation: You have a somewhat thin skeletal
                  | structure. (Dex +2, Stealth+) [potion of mutation]
  4908 | D:7      | Learned a level 3 spell: Ignite Poison
  4939 | D:7      | Reached skill level 7 in Dodging
  5234 | D:7      | Noticed Prince Ribbit
  5237 | D:7      | Killed Prince Ribbit
  5521 | D:7      | Found a burning altar of Makhleb.
  5891 | D:8      | Found a bloodstained altar of Trog.
  5929 | D:8      | Found a runed translucent gate.
  5929 | D:8      | Found a runed translucent gate.
  5929 | D:8      | Found a runed translucent gate.
  5930 | D:8      | Found a viscous altar of Jiyva.
  5930 | D:8      | Noticed billz999's ghost (novice GnTm)
  5978 | D:8      | Reached skill level 5 in Fighting
  6044 | D:8      | Reached skill level 8 in Dodging
  6044 | D:8      | Reached XP level 10. HP: 51/51 MP: 21/21
  6254 | D:8      | Found an ornate altar of the Wu Jian Council.
  6628 | D:8      | Killed billz999's ghost
  6649 | D:8      | Reached skill level 5 in Necromancy
  7451 | D:9      | Killed from afar by an orc priest

Illustrated notes

Levels and vault maps discovered:
D:1:      spicycebolla_arrival_ecumenical, layout_loops_ring
D:2:      layout_rooms
D:3:      layout_rooms, xom_confusion_cloud, nicolae_sif_muna_condensation,
          fedhas_altar_4, serial_forest, infiniplex_forest_clump_double,
          infiniplex_forest_clump_C, infiniplex_forest_straight_2,
          infiniplex_forest_split, infiniplex_forest_straight_4,
          infiniplex_forest_lined_corner, minmay_quantized
D:4:      layout_rooms, nicolae_qazlal_style_of_elements,
          mainiacjoe_overflow_surrounded_room, st_stairs_13
D:5:      layout_rooms, lemuel_crystal_altar, uniq_pikel, uniq_blork_the_orc,
          uniq_eustachio
D:6:      layout_loops_ring, minmay_temple_entry_gardened_gates
D:7:      layout_loops_ring, lightli_temple_of_fire, due_unseen_surprise,
          uniq_prince_ribbit1
D:8:      layout_basic, mainiacjoe_overflow_cross_hatched,
          mainiacjoe_overflow_boulevard, gammafunk_ghost_ooze
D:9:      layout_small_grid, erik_orc_2, serial_shops, kennysheep_mini_moat,
          chequers_serial_rivers_micro_d, uniq_maggie, uniq_joseph
Temple:   nicolae_temple_hex_pool

Skill      XL: |  1  2  3  4  5  6  7  8  9 10 |
---------------+-------------------------------+-----
Stealth        | 2 3 4 5 6 |  6.0
Dodging        | 3 4 5 6 8 |  8.9
Spellcasting   | 1 2 3 4 5 6 7 |  7.7
Hexes          | 1 2 3 4 5 6 7 |  7.0
Fighting       | 2 3 4 5 |  5.6
Ranged Weapons | 5 6 7 |  7.7
Necromancy     | 1 2 4 5 |  5.0

Action                   |  1- 3 |  4- 6 |  7- 9 | 10-12 || total
-------------------------+-------+-------+-------+-------++-------
Melee: Dagger            |       |       |     2 |       ||     2
 Fire: Shortbow          |   105 |   353 |   303 |    74 ||   835
Throw: Dart              |       |       |    10 |       ||    10
 Cast: Slow              |       |     3 |    15 |     1 ||    19
  Use: Scroll            |       |       |    19 |     1 ||    20
       Potion            |       |       |     4 |       ||     4
 Stab: Sleeping          |       |       |     1 |       ||     1
Armor: Robe              |     3 |    10 |    15 |     2 ||    30
Dodge: Dodged            |    26 |    92 |   167 |    22 ||   307
Block: Other             |       |       |     4 |     5 ||     9

Table legend: (Time is in decaauts)
 A = Elapsed time spent in this place.
 B = Non-inter-level travel time spent in this place.
 C = Inter-level travel time spent in this place.
 D = Time resting spent in this place.
 E = Time spent auto-exploring this place.
 F = Levels seen in this place.
 G = Mean time per level.
                   A        B        C        D        E       F      G
               +--------+--------+--------+--------+--------+-----+--------+
         Total |   5578 |   5026 |    552 |    324 |   2712 |  10 |  557.8 |
       Dungeon |   5392 |   4847 |    545 |    269 |   2711 |   9 |  599.1 |
        Temple |    186 |    180 |      6 |     55 |      1 |   1 |  186.0 |
               +--------+--------+--------+--------+--------+-----+--------+

Top non-repeatable levels by time:
     D:8: 929 daAuts
     D:4: 875 daAuts
     D:3: 786 daAuts
     D:5: 770 daAuts
     D:6: 679 daAuts
     D:7: 562 daAuts
     D:1: 439 daAuts
     D:2: 293 daAuts
  Temple: 186 daAuts
     D:9: 56 daAuts
